 Dungeon Crawl Stone Soup version 0.31-a0-977-gc230f8ef24 (webtiles) character file.

Game seed: 14116057808325724096

2748 mattiecakes the Skirmisher (level 10, -5/59 HPs)
             Began as a Kobold Hunter on Oct 29, 2023.
             Was an Initiate of Gozag.
             Shot with a sling bullet by Joseph (18 damage)
             ... on level 8 of the Dungeon.
             The game lasted 00:20:32 (7536 turns).

mattiecakes the Skirmisher (Kobold Hunter)          Turns: 7536, Time: 00:20:32

Health: -5/59      AC: 11    Str: 10    XL:     10   Next: 0%
Magic:  10/10      EV: 11    Int: 10    God:    Gozag
Gold:   308        SH:  0    Dex: 22    Spells: 9/9 levels left

rFire   . . .        x - +0 orcbow
rCold   + . .        (shield currently unavailable)
rNeg    + . .        p - +2 scale mail {Will+}
rPois   .            (no helmet)
rElec   .            n - +0 cloak
rCorr   .            (no gloves)
SInv    .            f - +0 pair of boots
Will    +....        m - amulet of the acrobat
Stlth   +++          h - ring of protection from cold
HPRegen 0.29/turn    c - ring of positive energy
MPRegen 0.12/turn

%: acrobat
@: no status effects
A: small, no large weapons, nightstalker 3
a: Renounce Religion, Potion Petition, Call Merchant, Bribe Branch


You were on level 8 of the Dungeon.
You worshipped Gozag.
Gozag was aware of your devotion.
You visited 2 branches of the dungeon, and saw 9 of its levels.

You collected 378 gold pieces.
You paid 70 gold pieces to Gozag.

Inventory:

Hand Weapons
 a - a +1 shortbow
 i - a +4 short sword
 x - a +0 orcbow (weapon)
Armour
 f - a +0 pair of boots (worn)
 k - a +1 leather armour of poison resistance
 n - a +0 cloak (worn)
 p - a +2 scale mail of willpower (worn)
Jewellery
 c - a ring of positive energy (right hand)
 h - a ring of protection from cold (left hand)
 m - an amulet of the acrobat (around neck)
Wands
 u - a wand of quicksilver (21)
Scrolls
 j - 5 scrolls of identify
 o - a scroll of summoning
 q - 3 scrolls of fear
 s - a scroll of amnesia
 w - a scroll of blinking
Potions
 b - 2 potions of might {unknown}
 d - 4 potions of curing
 e - a potion of heal wounds
 g - a potion of attraction
 r - a potion of berserk rage
 v - a potion of magic {unknown}


   Skills:
 - Level 5.2 Fighting
 + Level 14.3 Ranged Weapons
 - Level 3.3 Armour
 - Level 2.4 Dodging
 - Level 6.3 Stealth


You had 9 spell levels left.
You didn't know any spells.
Your spell library contained the following spells:

 Spells                   Type           Power      Damage    Failure   Level
 Apportation              Tloc           0%         N/A       94%         1
 Summon Small Mammal      Summ           0%         N/A       94%         1
 Blink                    Tloc           0%         N/A       98%         2
 Jinxbite                 Hex            0%         N/A       98%         2
 Call Canine Familiar     Summ           0%         N/A       100%        3
 Summon Guardian Golem    Hex/Summ       0%         N/A       100%        3
 Manifold Assault         Tloc           0%         N/A       100%        4
 Vhi's Electric Charge    Tloc/Air       0%         N/A       100%        4
 Alistair's Intoxication  Tmut/Pois      0%         N/A       100%        5
 Arcjolt                  Conj/Air       0%         1d10      100%        5
 Maxwell's Capacitive Co  Air            0%         ∞         100%        8


Dungeon Overview and Level Annotations

Branches:
Dungeon (8/15)             Temple (1/1) D:7
   Lair: D:8-11

Altars:
Ashenzari
Cheibriados
Dithmenos
Elyvilon
Gozag
Hepliaklqana
Kikubaaqudgha
Okawaru
Qazlal
Ru
Sif Muna
Trog
Uskayaw
Vehumet
Xom
Zin
The Shining One

Shops:
D:4 (

Annotations:
D:8 Joseph


Innate Abilities, Weirdness & Mutations

You are small and have problems with some larger weapons.
You are completely attuned to the shadows.


Message History

Joseph is heavily wounded.
Joseph shoots a sling bullet.
The sling bullet hits you!
You are too injured to fight recklessly!
You are too injured to fight recklessly!
You are too injured to fight recklessly!
You are too injured to fight recklessly!
Unknown command.
You are too injured to fight recklessly!
Fire: x) +0 orcbow
Press: ? - help, Q - select action, (/) - cycle Shift-Dir - straight line, f/p - Joseph
Aim: Joseph, wielding a +0 heavy sling and wearing a +0 leather armour (heavily wounded, 67% to hit)
You shoot an arrow. The arrow closely misses Joseph.
Fire: x) +0 orcbow
Press: ? - help, Q - select action, (/) - cycle Shift-Dir - straight line, f/p - Joseph
Aim: Joseph, wielding a +0 heavy sling and wearing a +0 leather armour (heavily wounded, 67% to hit)
You shoot an arrow. The arrow hits Joseph!!
Joseph is almost dead.
Joseph shoots a sling bullet.
The sling bullet hits you.
Fire: x) +0 orcbow
Press: ? - help, Q - select action, (/) - cycle Shift-Dir - straight line, f/p - Joseph
Aim: Joseph, wielding a +0 heavy sling and wearing a +0 leather armour (almost dead, 67% to hit)
You shoot an arrow. The arrow barely misses Joseph.
Joseph shoots a sling bullet.
The sling bullet hits you!
* * * LOW HITPOINT WARNING * * *
Unknown command.
Fire: x) +0 orcbow
Press: ? - help, Q - select action, (/) - cycle Shift-Dir - straight line, f/p - Joseph
Aim: Joseph, wielding a +0 heavy sling and wearing a +0 leather armour (almost dead, 67% to hit)
You shoot an arrow. The arrow closely misses Joseph.
Unknown command.
Unknown command.
Fire: x) +0 orcbow
Press: ? - help, Q - select action, (/) - cycle Shift-Dir - straight line, f/p - Joseph
Aim: Joseph, wielding a +0 heavy sling and wearing a +0 leather armour (almost dead, 67% to hit)
You shoot an arrow.
The arrow hits Joseph but does no damage.
Joseph is almost dead.
Joseph shoots a sling bullet.
The sling bullet hits you!!
You die...
Your body crumbles into a pile of gold.

#########
@$..@...#
#######.#
#.# #.#
#<# ###


You could see Joseph.

Vanquished Creatures
  Prince Ribbit (D:5)
  Sigmund (D:5)
  Eustachio (D:5)
  A water moccasin (D:7)
  2 black bears
  An ice beast (D:7)
  An ogre (D:5)
  A phantom (D:4)
  4 centaurs
  Blork the orc (D:5)
  A bullfrog (D:5)
  12 wights
  3 jellies
  5 hounds
  A gnoll bouda (D:7)
  Natasha (twice) (D:2)
  2 iguanas (D:5)
  2 orc wizards
  A mummy (D:5)
  An adder (D:5)
  9 gnolls
  A shadow imp (D:5)
  4 white imps
  A worm (D:4)
  4 dart slugs
  14 orcs
  12 endoplasms
  2 giant cockroaches (D:1)
  5 goblins
  7 hobgoblins
  10 kobolds
  2 quokkas (D:1)
  8 ball pythons
  8 bats
  3 frilled lizards (D:1)
  2 rats
136 creatures vanquished.

Notes
Turn   | Place    | Note
-------+----------+-------------------------------------------
     0 | D:1      | mattiecakes the Kobold Hunter began the quest for the Orb.
     0 | D:1      | Reached XP level 1. HP: 12/12 MP: 1/1
   127 | D:1      | Reached XP level 2. HP: 17/17 MP: 2/2
   139 | D:1      | Reached skill level 6 in Ranged Weapons
   208 | D:1      | Found a faded altar of an unknown god.
   583 | D:1      | Reached XP level 3. HP: 21/21 MP: 3/3
  1432 | D:2      | Noticed Natasha
  1439 | D:2      | Killed Natasha
  1440 | D:2      | Reached skill level 7 in Ranged Weapons
  1440 | D:2      | Reached XP level 4. HP: 15/26 MP: 4/4
  1783 | D:2      | Noticed Natasha
  1788 | D:2      | Killed Natasha
  1996 | D:3      | Reached XP level 5. HP: 30/30 MP: 5/5
  2060 | D:3      | Identified the +0 robe of the Hanged Man {rF+ Regen+ Int+4}
  2129 | D:3      | Reached skill level 8 in Ranged Weapons
  2575 | D:3      | Found a sacrificial altar of Ru.
  2608 | D:4      | Found a white marble altar of Elyvilon.
  2613 | D:4      | Found a bloodstained altar of Trog.
  2654 | D:4      | Reached skill level 9 in Ranged Weapons
  2654 | D:4      | Reached XP level 6. HP: 34/35 MP: 6/6
  2777 | D:4      | Reached skill level 10 in Ranged Weapons
  2916 | D:4      | Reached XP level 7. HP: 40/40 MP: 7/7
  3282 | D:4      | Found Ecriniop's Antique Weapon Boutique.
  3579 | D:5      | Entered Level 5 of the Dungeon
  3589 | D:5      | Noticed Sigmund
  3595 | D:5      | Killed Sigmund
  3596 | D:5      | Reached skill level 1 in Armour
  3731 | D:5      | Reached XP level 8. HP: 33/46 MP: 8/8
  3921 | D:5      | Noticed Eustachio
  3931 | D:5      | Killed Eustachio
  4140 | D:5      | Noticed Blork the orc
  4148 | D:5      | Killed Blork the orc
  4149 | D:5      | Reached skill level 5 in Stealth
  4410 | D:5      | Noticed Prince Ribbit
  4427 | D:5      | Killed Prince Ribbit
  4428 | D:5      | Reached skill level 5 in Fighting
  4464 | D:5      | Found a snail-covered altar of Cheibriados.
  4698 | D:6      | Identified the +0 robe of Ryppuimp {Rampage Will+}
  4728 | D:6      | Reached XP level 9. HP: 12/54 MP: 9/9
  5534 | D:6      | Reached skill level 11 in Ranged Weapons
  5968 | D:7      | Reached skill level 12 in Ranged Weapons
  6233 | D:7      | Found a staircase to the Ecumenical Temple.
  6296 | Temple   | Found a transporter.
  6296 | Temple   | Found a transporter.
  6296 | Temple   | Found a transporter.
  6296 | Temple   | Found a transporter.
  6296 | Temple   | Entered the Ecumenical Temple
  6343 | Temple   | Became a worshipper of Gozag Ym Sagoz the Greedy
  6556 | D:7      | Reached skill level 13 in Ranged Weapons
  7160 | D:7      | Reached skill level 14 in Ranged Weapons
  7372 | D:7      | Reached XP level 10. HP: 48/59 MP: 10/10
  7527 | D:8      | Noticed Joseph
  7536 | D:8      | Shot with a sling bullet by Joseph

Illustrated notes

Levels and vault maps discovered:
D:1:      roderic_chinese_lattice_arrival, layout_basic,
          shapermc_ecumenical_altar_starsandcircs
D:2:      layout_basic, uniq_natasha, uniq_robin
D:3:      layout_basic, mainiacjoe_overflow_brackets
D:4:      layout_basic, mainiacjoe_overflow_divided_tiny, serial_shops,
          nicolae_shop_tiny_waterfront, kennysheep_generic_room_6
D:5:      layout_loops_ring, slow_altar_2, uniq_blork_the_orc, uniq_sigmund,
          uniq_prince_ribbit1, uniq_eustachio
D:6:      layout_basic
D:7:      layout_cave_pools, minmay_temple_entry_tees, serial_co_window_serial,
          co_window_paths_a, co_window_of_opportunity_a, co_window_paths_b,
          co_window_paths_a, co_window_corner_a, co_window_corner_cb,
          co_window_paths_c, co_window_corner_cb, co_window_of_opportunity_b,
          co_window_unsneaky_path_d, co_window_4corner_b, glass_columns_a,
          glass_columns_b
D:8:      minmay_general_purpose_star, layout_basic, erik_lair_dragon,
          serial_shops, nicolae_shop_behind_doors,
          amcnicky_mini_rare_corridor_liquid, minivault_10, uniq_psyche,
          uniq_joseph
Temple:   hellmonk_temple_divided_pantheon

Skill      XL: |  1  2  3  4  5  6  7  8  9 |
---------------+----------------------------+-----
Ranged Weapons | 6 7 9 10 14 | 14.3
Stealth        | 3 6 |  6.3
Fighting       | 3 5 |  5.2
Armour         | 1 3 |  3.3
Dodging        | |  2.4

Action                     |  1- 3 |  4- 6 |  7- 9 | 10-12 || total
---------------------------+-------+-------+-------+-------++-------
   Fire: Shortbow          |    82 |   112 |   131 |       ||   325
         Orcbow            |       |       |   128 |     9 ||   137
    Use: Scroll            |       |     5 |     7 |       ||    12
         Potion            |       |     5 |       |       ||     5
 Armour: Leather armour    |     6 |       |       |       ||     6
         Chain mail        |    27 |     2 |       |       ||    29
         Scale mail        |       |    57 |   123 |     6 ||   186
  Dodge: Dodged            |    20 |    32 |    91 |       ||   143

Table legend: (Time is in decaauts)
 A = Elapsed time spent in this place.
 B = Non-inter-level travel time spent in this place.
 C = Inter-level travel time spent in this place.
 D = Time resting spent in this place.
 E = Time spent auto-exploring this place.
 F = Levels seen in this place.
 G = Mean time per level.
                   A        B        C        D        E       F      G
               +--------+--------+--------+--------+--------+-----+--------+
         Total |   7672 |   7202 |    470 |    714 |   5433 |   9 |  852.4 |
       Dungeon |   7613 |   7165 |    448 |    714 |   5433 |   8 |  951.6 |
        Temple |     58 |     36 |     22 |      0 |      0 |   1 |   58.0 |
               +--------+--------+--------+--------+--------+-----+--------+

Top non-repeatable levels by time:
     D:6: 1581 daAuts
     D:7: 1380 daAuts
     D:1: 1160 daAuts
     D:5: 961 daAuts
     D:4: 961 daAuts
     D:2: 857 daAuts
     D:3: 692 daAuts
  Temple: 58 daAuts
     D:8: 16 daAuts
